 Dungeon Crawl Stone Soup version 0.29.0-11-gd7f09526c8 (webtiles) character file.

Game seed: 10225997519238988151

18 xian the Firebug (level 2, -2/19 HPs)
             Began as a Human Fire Elementalist on Sept 3, 2022.
             Slain by a goblin
             ... wielding a +0 club
             ... led by Robin
              (4 damage)
             ... on level 2 of the Dungeon.
             The game lasted 00:02:02 (1375 turns).

xian the Firebug (Human Fire Elementalist)          Turns: 1375, Time: 00:02:03

Health: -2/19      AC:  5    Str:  8    XL:     2   Next: 90%
Magic:  1/5        EV: 11    Int: 15    God:
Gold:   59         SH:  0    Dex: 13    Spells: 4/5 levels left

rFire   . . .      SeeInvis .   c - +0 hand axe
rCold   . . .      Faith    .   (no shield)
rNeg    . . .      Spirit   .   k - +0 leather armour
rPois   .          Reflect  .   (no helmet)
rElec   .          Harm     .   f - +0 cloak
rCorr   .          Rampage  .   (no gloves)
Will    .....                   i - +0 pair of boots
Stlth   ++........              (no amulet)
HPRegen 0.06/turn               (no ring)
MPRegen 0.09/turn               (no ring)

@: no status effects
A: no striking features
a: no special abilities


You were on level 2 of the Dungeon.
You visited 1 branch of the dungeon, and saw 2 of its levels.

You collected 59 gold pieces.

Inventory:

Hand Weapons
 c - a +0 hand axe (weapon)
Armour
 f - a +0 cloak (worn)
 i - a +0 pair of boots (worn)
 k - a +0 leather armour (worn)
Scrolls
 d - a scroll of identify {unknown}
 e - a scroll of magic mapping {unknown}
 j - a scroll of teleportation {unknown}
Potions
 a - a potion of curing {unknown}
 b - a potion of magic
 g - a potion of degeneration {unknown}
 h - a potion of ambrosia {unknown}


   Skills:
 + Level 0.3 Axes
 + Level 2.2 Dodging
 + Level 2.1 Stealth
 + Level 2.1 Spellcasting
 + Level 1.0 Conjurations
 + Level 3.4 Fire Magic


You had 4 spell levels left.
You knew the following spells:

 Your Spells              Type           Power      Damage    Failure   Level
a - Foxfire               Conj/Fire      32%        2x1d5     13%         1

Your spell library contained the following spells:

 Spells                   Type           Power      Damage    Failure   Level
 Scorch                   Fire           24%        2d6       12%         2
 Conjure Flame            Conj/Fire      8%         6-21      36%         3
 Inner Flame              Hex/Fire       6%         N/A       43%         3
 Flame Wave               Conj/Fire      8%         2d5       77%         4


Dungeon Overview and Level Annotations

Branches:
Dungeon (2/15)

Altars:

Annotations:
D:2 Robin


Message History

The jackal barely misses you. The jackal bites you.
You hit the jackal.
You kill the jackal!
A hobgoblin comes into view.
Found 20 gold pieces.
Found a stone staircase leading up.
A hobgoblin is nearby! 3 goblins come into view.
The goblin shouts!
You hear a shout! x2
Robin, 2 goblins and a hobgoblin come into view.
Robin is wielding a +2 vampiric short sword.
The goblin shouts! x2
A goblin comes into view. It is wielding a +0 club.
Robin throws the goblin at you!
The goblin shouts!
The hobgoblin shouts!
You hear a shout!
You see here a jackal corpse.
The goblin attacks as you move away! The goblin hits you with a +0 dagger.
A hobgoblin comes into view.
The goblin attacks as you move away! The goblin hits you but does no damage.
Robin throws the goblin at you! The goblin hits you but does no damage.
The goblin attacks as you move away! The goblin hits you with a +0 dagger.
Robin throws the goblin at you!
You hit the goblin.
The goblin is moderately wounded.
You hit the goblin. You closely miss the goblin.
A hobgoblin comes into view.
The goblin hits you with a +0 dagger. The goblin barely misses you.
The goblin hits you but does no damage.
Robin roars a battlecry!
The goblins go into a battle-frenzy!
The goblin hits you with a +0 dagger. The goblin closely misses you.
The goblin hits you with a +0 club.
* * * LOW HITPOINT WARNING * * *
The goblin hits you but does no damage.
You hear a shout!
The goblin attacks as you move away! The goblin barely misses you.
The goblin attacks as you move away! The goblin hits you but does no damage.
The goblin barely misses you. The goblin hits you with a +0 club.
* * * LOW HITPOINT WARNING * * *
The goblin hits you with a +0 club.
You die...

#############
####.....#..gg@##
#..........g.g..#
........†.g.g.g..#
..........g......#
.................#
.....†..g..g.....#
.....g...........#
..........(........
$...............###


You could see Robin, 4 hobgoblins and 5 goblins.

Vanquished Creatures
  A ball python (D:1)
  3 bats (D:1)
  2 endoplasms (D:1)
  A giant cockroach (D:1)
  2 goblins (D:1)
  4 jackals (D:2)
  2 frilled lizards
  A kobold (D:1)
16 creatures vanquished.

Vanquished Creatures (others)
  39 foxfires
39 creatures vanquished.

Grand Total: 55 creatures vanquished

Notes
Turn   | Place    | Note
-------+----------+-------------------------------------------
     0 | D:1      | xian the Human Fire Elementalist began the quest for the
                  | Orb.
     0 | D:1      | Reached XP level 1. HP: 13/13 MP: 3/3
   537 | D:1      | Reached XP level 2. HP: 12/19 MP: 0/5
  1366 | D:2      | Noticed Robin
  1375 | D:2      | Slain by a goblin

Illustrated notes

Levels and vault maps discovered:
D:1:      minmay_arrival_floating_metal, layout_loops_corners
D:2:      layout_rooms, serial_shops, shop, dreamdust_ecumenical_altar_statues,
          amcnicky_mini_pool_small, uniq_natasha, uniq_robin

Action                   || total
-------------------------++-------
Melee: Hand axe          ||    15
 Cast: Foxfire           ||    25
Armor: Robe              ||     5
       Leather armour    ||    11
Dodge: Dodged            ||    12
